 Dungeon Crawl Stone Soup version bcrawl-1.23.1-30-gcf7fa35852 (webtiles) character file.

Game seed: 14723476229306732727

209 pasperui the Ducker (level 5, -6/47 HPs)
             Began as a Gnoll Reaver on May 31, 2020.
             Was a Follower of Vehumet.
             Mangled by an iguana (11 damage)
             ... on level 2 of the Dungeon.
             The game lasted 00:08:19 (1358 turns).

pasperui the Ducker (Gnoll Reaver)                  Turns: 1358, Time: 00:08:20

Health: -6/47      AC:  5    Str: 15    XL:     5   Next: 87%
Magic:  8/12       EV: 16    Int: 16    God:    Vehumet [*.....]
Gold:   145        SH:  1    Dex: 13    Spells: 13/14 levels left

rFire    + . .     SeeInvis .   a - +0 long sword
rCold    . . .     Gourm    .   (no shield)
rNeg     . . .     Faith    .   b - +0 steam dragon scales
rPois    .         Spirit   .   (no helmet)
rElec    .         Reflect  .   (no cloak)
rCorr    .         Harm     .   (no gloves)
MR       .....                  (no boots)
Stlth    +.........             (no amulet)
HPRegen  0.15/turn              x - ring of protection from fire
MPRegen  0.13/turn              p - ring of attention (curse)

@: hasted, very quick
A: distributed training, fangs 1, strong nose
a: Renounce Religion


You were on level 2 of the Dungeon.
You worshipped Vehumet.
Vehumet was aware of your devotion.
You were not hungry.

You visited 1 branch of the dungeon, and saw 2 of its levels.

You collected 145 gold pieces.

Inventory:

Hand Weapons
 a - a +0 long sword (weapon)
Missiles
 j - 14 curare-tipped needles
 m - 176 sling bullets
 n - 102 arrows
 o - 133 bolts
 q - 51 tomahawks (quivered)
 v - 415 stones
Armour
 b - +0 steam dragon scales (worn)
 A - a +0 leather armour of magic resistance
Jewellery
 k - an uncursed ring of positive energy
 p - a cursed ring of attention (right hand)
 x - a ring of protection from fire (left hand)
Scrolls
 d - 2 scrolls of immolation
 g - 2 scrolls of enchant weapon {unknown}
 h - 2 scrolls of teleportation {unknown}
 l - a scroll of remove curse {unknown}
 s - 2 scrolls of amnesia {unknown}
 u - a scroll of identify {unknown}
 w - a scroll of blinking {unknown}
 y - a scroll of enchant armour {unknown}
 C - a scroll of fear {unknown}
Potions
 c - a potion of haste
 i - a potion of heal wounds {unknown}
 r - a potion of brilliance {unknown}
 t - a potion of lignification {unknown}
 z - a potion of agility {unknown}
 B - a potion of mutation {unknown}
Comestibles
 e - 2 rations {!d}
 f - 6 chunks of flesh


   Skills:
 + Level 6.7 Fighting
 + Level 1.6 Short Blades
 + Level 6.7 Long Blades
 + Level 1.6 Axes
 + Level 1.6 Maces & Flails
 + Level 1.6 Polearms
 + Level 1.6 Staves
 + Level 1.6 Slings
 + Level 1.6 Bows
 + Level 1.6 Crossbows
 + Level 1.6 Throwing
 + Level 1.6 Armour
 + Level 6.7 Dodging
 + Level 1.6 Stealth
 + Level 1.6 Shields
 + Level 1.6 Unarmed Combat
 + Level 5.2 Spellcasting
 + Level 1.3 Conjurations
 + Level 1.3 Hexes
 + Level 1.3 Charms
 + Level 1.3 Summonings
 + Level 1.3 Necromancy
 + Level 1.3 Translocations
 + Level 1.3 Transmutations
 + Level 1.3 Fire Magic
 + Level 1.3 Ice Magic
 + Level 1.3 Air Magic
 + Level 1.3 Earth Magic
 + Level 1.3 Poison Magic
 + Level 1.8 Invocations
 + Level 1.6 Evocations


You had 13 spell levels left.
You knew the following spells:

 Your Spells              Type           Power        Failure   Level  Hunger
a - Shock                 Conj/Air       #....        2%          1    None

Your spell library contained the following spells:

 Spells                   Type           Power        Failure   Level  Hunger
 Iskenderun's Battlesphe  Conj/Chrm      #.......     52%         5    ######.


Dungeon Overview and Level Annotations

Branches:
Dungeon (2/12)

Altars:
Kikubaaqudgha


Innate Abilities, Weirdness & Mutations

Your experience applies equally to all skills.
You have very sharp teeth.
Your uncanny sense of smell can sniff out nearby items.


Message History

The iguana closely misses you.
You barely miss the iguana. Your bite misses the iguana.
The iguana is heavily wounded.
The iguana bites you.
You closely miss the iguana. You bite the iguana, but do no damage.
The iguana is heavily wounded.
The iguana closely misses you.
You hit the iguana but do no damage.
The iguana is heavily wounded.
The iguana bites you!
* * * LOW HITPOINT WARNING * * *
You barely miss the iguana. You bite the iguana, but do no damage.
The iguana is heavily wounded.
The iguana closely misses you.
You hit the iguana but do no damage.
The iguana is heavily wounded.
The iguana bites you.
* * * LOW HITPOINT WARNING * * *
You feel yourself speed up. The iguana bites you!
You die...

### ### ####
#.###########.### ##...
#...............#######....
#.# #..................≈≈
###.#####.#############..≈≈≈≈
#..........l@....# #..≈≈≈≈≈≈
###.#.#####.######.#
#.≈≈≈≈≈≈≈ #...$.# #.#
#.≈≈≈≈≈≈_ #.....# #.#
#..≈≈≈≈≈≈≈ #.....# ###
....≈≈≈≈≈≈ ###+#.#
.#.#..≈≈≈≈≈ # #.# ≈≈≈ . ...
... ## #... #..


You could see an iguana.

Vanquished Creatures
  Sigmund (D:2)
  An ooze (D:1)
  A worm (D:1)
  2 dart slugs
  4 leopard geckos (D:1)
  5 bats
  A giant cockroach (D:1)
  5 goblins
  2 hobgoblins
  A jackal (D:2)
  A quokka (D:2)
  4 ball pythons
  4 frilled lizards
  3 kobolds
  5 rats
  A plant (D:2)
41 creatures vanquished.

Notes
Turn   | Place    | Note
-------+----------+-------------------------------------------
     0 | D:1      | pasperui the Gnoll Reaver began the quest for the Orb.
     0 | D:1      | Reached XP level 1. HP: 23/23 MP: 6/6
   122 | D:1      | Reached XP level 2. HP: 29/29 MP: 7/7
   346 | D:1      | Reached XP level 3. HP: 32/35 MP: 9/9
   353 | D:1      | Reached skill level 5 in Spellcasting
   499 | D:1      | Reached * piety under Vehumet
   499 | D:1      | Offered knowledge of Shock by Vehumet.
   851 | D:2      | Reached skill level 1 in Invocations
  1000 | D:2      | Learned a level 1 spell: Shock
  1261 | D:2      | Found an ancient bone altar of Kikubaaqudgha.
  1264 | D:2      | Noticed Sigmund
  1283 | D:2      | Killed Sigmund
  1283 | D:2      | Reached skill level 1 in Short Blades
  1283 | D:2      | Reached skill level 1 in Axes
  1283 | D:2      | Reached skill level 1 in Maces & Flails
  1283 | D:2      | Reached skill level 1 in Polearms
  1283 | D:2      | Reached skill level 1 in Staves
  1283 | D:2      | Reached skill level 1 in Slings
  1283 | D:2      | Reached skill level 1 in Bows
  1283 | D:2      | Reached skill level 1 in Crossbows
  1283 | D:2      | Reached skill level 1 in Throwing
  1283 | D:2      | Reached skill level 1 in Armour
  1283 | D:2      | Reached skill level 1 in Stealth
  1283 | D:2      | Reached skill level 1 in Shields
  1283 | D:2      | Reached skill level 1 in Unarmed Combat
  1283 | D:2      | Reached skill level 1 in Conjurations
  1283 | D:2      | Reached skill level 1 in Hexes
  1283 | D:2      | Reached skill level 1 in Charms
  1283 | D:2      | Reached skill level 1 in Summonings
  1283 | D:2      | Reached skill level 1 in Necromancy
  1283 | D:2      | Reached skill level 1 in Translocations
  1283 | D:2      | Reached skill level 1 in Transmutations
  1283 | D:2      | Reached skill level 1 in Fire Magic
  1283 | D:2      | Reached skill level 1 in Ice Magic
  1283 | D:2      | Reached skill level 1 in Air Magic
  1283 | D:2      | Reached skill level 1 in Earth Magic
  1283 | D:2      | Reached skill level 1 in Poison Magic
  1283 | D:2      | Reached skill level 1 in Evocations
  1283 | D:2      | Reached XP level 4. HP: 16/41 MP: 0/11
  1283 | D:2      | Reached XP level 5. HP: 18/47 MP: 0/12
  1358 | D:2      | Mangled by an iguana

Skill      XL: |  1  2  3 |
---------------+----------+-----
Spellcasting   | 5 |  5.2
Invocations    | 1 |  1.8
Short Blades   | 1 |  1.6
Axes           | 1 |  1.6
Maces & Flails | 1 |  1.6
Polearms       | 1 |  1.6
Staves         | 1 |  1.6
Slings         | 1 |  1.6
Bows           | 1 |  1.6
Crossbows      | 1 |  1.6
Throwing       | 1 |  1.6
Armour         | 1 |  1.6
Stealth        | 1 |  1.6
Shields        | 1 |  1.6
Unarmed Combat | 1 |  1.6
Conjurations   | 1 |  1.3
Hexes          | 1 |  1.3
Charms         | 1 |  1.3
Summonings     | 1 |  1.3
Necromancy     | 1 |  1.3
Translocations | 1 |  1.3
Transmutations | 1 |  1.3
Fire Magic     | 1 |  1.3
Ice Magic      | 1 |  1.3
Air Magic      | 1 |  1.3
Earth Magic    | 1 |  1.3
Poison Magic   | 1 |  1.3
Evocations     | 1 |  1.6
Fighting       | |  6.7
Long Blades    | |  6.7
Dodging        | |  6.7

Action                   |  1- 3 |  4- 6 || total
-------------------------+-------+-------++-------
Melee: Long sword        |   132 |    12 ||   144
       Bite              |    16 |     2 ||    18
       Punch             |       |     1 ||     1
 Cast: Shock             |     8 |     3 ||    11
  Use: Potion            |       |     1 ||     1
  Eat: Chunk             |     1 |     1 ||     2
Armor: Steam dragon scal |    22 |     2 ||    24
Dodge: Dodged            |    62 |     8 ||    70
Block: Other             |     3 |       ||     3
